 Dungeon Crawl Stone Soup version 0.31-a0-977-gc230f8ef24 (webtiles) character file.

Game seed: 3325438649239017981

246 BinkBink the Shooter (level 5, -2/28 HPs)
             Began as a Spriggan Hunter on Oct 29, 2023.
             Slain by an orc priest
             ... wielding a +1 flail of protection
              (7 damage)
             ... on level 3 of the Dungeon.
             The game lasted 00:05:19 (2558 turns).

BinkBink the Shooter (Spriggan Hunter)              Turns: 2558, Time: 00:05:20

Health: -2/28      AC:  2    Str:  7    XL:     5   Next: 84%
Magic:  6/6        EV: 18    Int: 10    God:
Gold:   174        SH:  0    Dex: 21    Spells: 4/4 levels left

rFire   . . .        a - +0 shortbow
rCold   . . .        (shield currently unavailable)
rNeg    . . .        c - +0 robe
rPois   .            (helmet restricted)
rElec   .            m - scarf {repulsion}
rCorr   .            (gloves unavailable)
SInv    +            (boots unavailable)
Will    .....        (no amulet)
Stlth   ++           (no ring)
HPRegen 0.24/turn    (no ring)
MPRegen 0.10/turn

%: repel missiles
@: very quick
A: very small, no large weapons, unfitting armour, see invisible, speed 3
a: no special abilities


You were on level 3 of the Dungeon.
You visited 1 branch of the dungeon, and saw 4 of its levels.

You collected 174 gold pieces.

Inventory:

Hand Weapons
 a - a +0 shortbow (weapon)
Armour
 c - a +0 robe (worn)
 m - a scarf of repulsion (worn)
Scrolls
 f - a scroll of amnesia
Potions
 l - a potion of haste {unknown}


   Skills:
 + Level 3.1 Fighting
 * Level 6.3 Ranged Weapons
 - Level 2.6 Dodging
 - Level 1.5 Stealth


You had 4 spell levels left.
You didn't know any spells.
Your spell library contained the following spells:

 Spells                   Type           Power      Damage    Failure   Level
 Lesser Beckoning         Tloc           0%         N/A       50%         2
 Gell's Gravitas          Tloc           0%         N/A       75%         3
 Teleport Other           Tloc           0%         N/A       75%         3


Dungeon Overview and Level Annotations

Branches:
Dungeon (4/15)
 Temple: D:4-7

Altars:
Kikubaaqudgha
Sif Muna
Vehumet

Annotations:
D:4 Ijyb, Menkaure


Innate Abilities, Weirdness & Mutations

You are very small and have problems with some larger weapons.
You are too small for most types of armour.
You have supernaturally acute eyesight. (SInv)
You cover ground extremely quickly. (Speed+++)


Message History

You climb downwards.
Level annotation: Ijyb, Menkaure The orc shouts!
The orc priest shouts!
The orc wizard shouts!
You hear a shout!
There is a stone staircase leading up, spattered with blood here.
The orc priest casts a cantrip, but nothing happens.
You climb upwards.
There is a stone staircase leading down here.
You shoot an arrow.
The arrow closely misses the orc priest.
The orc priest barely misses you.
You shoot an arrow.
The arrow hits the orc priest but does no damage.
The orc priest calls down the wrath of Beogh upon you.
Beogh smites you!
You shoot an arrow.
The arrow hits the orc priest but does no damage.
The orc priest begins to cast a cantrip, but forgets the words!
You shoot an arrow.
The arrow hits the orc priest but does no damage.
The orc priest hits you with a +1 flail of protection!
You are too injured to fight recklessly!
You are too injured to fight recklessly!
You are too injured to fight recklessly!
You shoot an arrow. The arrow hits the orc priest.
The orc priest is lightly wounded.
The orc priest barely misses you.
You shoot an arrow.
The arrow hits the orc priest but does no damage.
The orc priest is lightly wounded.
The orc priest hits you with a +1 flail of protection!
* * * LOW HITPOINT WARNING * * *
You feel better.
The orc priest calls down the wrath of Beogh upon you.
Pain shoots through your body!
You shoot an arrow. The arrow barely misses the orc priest.
The orc priest hits you with a +1 flail of protection.
* * * LOW HITPOINT WARNING * * *
You shoot an arrow. The arrow barely misses the orc priest.
The orc priest hits you with a +1 flail of protection!
You die...

#.....##~≈≈~~#...
#.......~≈≈~###..
#....88~~≈≈~88..#
#................
#................
#....88[≈≈~~88..#
#####.~~≈≈~####..
#######.~≈≈~~# ##.
#o@....[~≈≈~#######
#....[.~~≈≈~# #....
#......~≈≈~~# #....
#......~≈≈~## #....
#......~≈≈~.###....
#.....~~≈≈~........
#.....~≈≈~~#.......
#.....~≈≈~#####....
######~≈≈~## #....


You could see an orc priest.

Vanquished Creatures
  4 orc wizards
  Robin (D:2)
  4 adders
  A worm (D:2)
  A dart slug (D:1)
  16 orcs
  3 ball pythons
  2 endoplasms
  12 goblins
  8 hobgoblins
  2 quokkas
  3 bats
  3 frilled lizards (D:2)
  10 kobolds
  7 rats
77 creatures vanquished.

Notes
Turn   | Place    | Note
-------+----------+-------------------------------------------
     0 | D:1      | BinkBink the Spriggan Hunter began the quest for the Orb.
     0 | D:1      | Reached XP level 1. HP: 10/10 MP: 2/2
   330 | D:1      | Reached XP level 2. HP: 15/15 MP: 3/3
   497 | D:1      | Found a faded altar of an unknown god.
   815 | D:2      | Reached XP level 3. HP: 12/18 MP: 4/4
   905 | D:2      | Noticed Robin
   968 | D:2      | Killed Robin
   969 | D:2      | Reached skill level 5 in Ranged Weapons
  1069 | D:2      | Reached XP level 4. HP: 23/23 MP: 5/5
  1192 | D:2      | Identified the +0 leather armour of Ignis's Envy {rF+ Will+
                  | MP+9 SInv}
  1703 | D:3      | Found a radiant altar of Vehumet.
  1757 | D:3      | Found an ancient bone altar of Kikubaaqudgha.
  1780 | D:3      | Reached XP level 5. HP: 26/28 MP: 6/6
  1795 | D:3      | Found a shimmering blue altar of Sif Muna.
  2127 | D:4      | Noticed Ijyb
  2214 | D:4      | Noticed Menkaure
  2301 | D:3      | Reached skill level 6 in Ranged Weapons
  2555 | D:3      | HP: 1/28 [orc priest/+1 flail of protection (9)]
  2558 | D:3      | Slain by an orc priest

Illustrated notes

Levels and vault maps discovered:
D:1:      psy_arrival_dodecagon, layout_loops_corners,
          ebering_ecumenical_altar_abandoned
D:2:      layout_rooms, uniq_robin
D:3:      wander_river, layout_rooms, palyth_temple_overflow_mages
D:4:      layout_rooms, minmay_temple_entry_overgrown, minmay_goblin_outpost,
          uniq_menkaure, uniq_ijyb

Skill      XL: |  1  2  3  4  5 |
---------------+----------------+-----
Fighting       | 2 3 |  3.1
Ranged Weapons | 5 6 |  6.3
Dodging        | |  2.6
Stealth        | |  1.5

Action                     |  1- 3 |  4- 6 || total
---------------------------+-------+-------++-------
   Fire: Shortbow          |    90 |   165 ||   255
    Use: Scroll            |       |    10 ||    10
         Potion            |       |     4 ||     4
 Armour: Robe              |     8 |    43 ||    51
  Dodge: Dodged            |    15 |    77 ||    92
         Repelled          |       |     1 ||     1

Table legend: (Time is in decaauts)
 A = Elapsed time spent in this place.
 B = Non-inter-level travel time spent in this place.
 C = Inter-level travel time spent in this place.
 D = Time resting spent in this place.
 E = Time spent auto-exploring this place.
 F = Levels seen in this place.
 G = Mean time per level.
                   A        B        C        D        E       F      G
               +--------+--------+--------+--------+--------+-----+--------+
         Total |   1868 |   1787 |     81 |    194 |   1036 |   4 |  467.0 |
       Dungeon |   1868 |   1787 |     81 |    194 |   1036 |   4 |  467.0 |
               +--------+--------+--------+--------+--------+-----+--------+

Top non-repeatable levels by time:
     D:3: 871 daAuts
     D:1: 512 daAuts
     D:2: 386 daAuts
     D:4: 97 daAuts
